ESL (28 & UNDER)
READING RAINBOWS @ BUFFALO LIGHTSABRES
07/26/2030
 
TOP OF THE 1ST
Reading Rainbows batting - Pitching for Buffalo LightSabres : LHP Will Chapman
Pitching: LHP Will Chapman
Batting: LHB Ismael Barajas 0-0: Called Strike
0-1: Ball
1-1: Ball
2-1: Ball
3-1: Foul Ball, location: 2F
3-2: Fly out, F7 (Line Drive, 7)
Batting: RHB José Moreno 0-0: Foul Ball, location: 2F
0-1: Foul Ball, location: 2F
0-2: Ground out 4-3 (Groundball, 4)
Batting: RHB Ethan Moore 0-0: Fly out, F9 (Flyball, 9S)
Top of the 1st over - 0 runs, 0 hits, 0 errors, 0 left on base; Reading 0 - Buffalo 0
BOTTOM OF THE 1ST
Buffalo LightSabres batting - Pitching for Reading Rainbows : LHP John Oliver
Pitching: LHP John Oliver
Batting: RHB Mike Wagner 0-0: Fly out, F6 (Flyball, 6MD)
Batting: RHB Raúl Flores 0-0: Ball
1-0: Fly out, F8 (Line Drive, 8LXD)
Batting: RHB Augusto Padilla 0-0: Called Strike
0-1: Ball
1-1: Ball
2-1: Fly out, F8 (Flyball, 8RD)
Bottom of the 1st over - 0 runs, 0 hits, 0 errors, 0 left on base; Reading 0 - Buffalo 0
TOP OF THE 2ND
Reading Rainbows batting - Pitching for Buffalo LightSabres : LHP Will Chapman
Batting: RHB Richard Case 0-0: Swinging Strike
0-1: Swinging Strike
0-2: Ball
1-2: Ground out 4-3 (Groundball, 34)
Batting: RHB Edmund Swanson 0-0: Called Strike
0-1: Foul Ball, location: 2F
0-2: Ball
1-2: Ground out 6-3 (Groundball, 6)
Batting: RHB Carlos Palomón 0-0: Fly out, F7 (Flyball, 7)
Top of the 2nd over - 0 runs, 0 hits, 0 errors, 0 left on base; Reading 0 - Buffalo 0
BOTTOM OF THE 2ND
Buffalo LightSabres batting - Pitching for Reading Rainbows : LHP John Oliver
Batting: LHB Garrett King 0-0: Fly out, F8 (Flyball, 8RS)
Batting: RHB Pat McDonald 0-0: Ball
1-0: Called Strike
1-1: Ball
2-1: Swinging Strike
2-2: Ball
3-2: Strikes out looking
Batting: LHB Tim Griffith 0-0: Ball
1-0: SINGLE (Groundball, 4MD)
Batting: RHB Abraham Hardy 0-0: Called Strike
0-1: Called Strike
Tim Griffith steals 2nd base
0-2: Ball
1-2: Foul Ball, location: 2F
1-2: Ball
2-2: Ball
3-2: Base on Balls
Batting: LHB Sergio Luna 0-0: Foul Ball, location: 2F
0-1: Called Strike
0-2: Ball
1-2: Ball
2-2: Fielders Choice at 2nd, 6-4 (Groundball, 6)
Bottom of the 2nd over - 0 runs, 1 hit, 0 errors, 2 left on base; Reading 0 - Buffalo 0
TOP OF THE 3RD
Reading Rainbows batting - Pitching for Buffalo LightSabres : LHP Will Chapman
Batting: RHB Hubert Brown 0-0: Called Strike
0-1: Ball
1-1: Ground out 5-3 (Groundball, 5)
Batting: RHB Spike Kennedy 0-0: Ball
1-0: Foul Ball, location: 2F
1-1: Called Strike
1-2: Strikes out swinging
Batting: SHB Johnny Jackson 0-0: Ball
1-0: Fly out, F7 (Flyball, 7LS)
Top of the 3rd over - 0 runs, 0 hits, 0 errors, 0 left on base; Reading 0 - Buffalo 0
BOTTOM OF THE 3RD
Buffalo LightSabres batting - Pitching for Reading Rainbows : LHP John Oliver
Batting: LHB Matt Ruskin 0-0: Ball
1-0: Ball
2-0: Ball
3-0: Called Strike
3-1: Foul Ball, location: 2F
3-2: Foul Ball, location: 2F
3-2: Strikes out swinging
Batting: RHB Mike Wagner 0-0: Ball
1-0: Swinging Strike
1-1: Ground out 5-3 (Groundball, 5)
Batting: RHB Raúl Flores 0-0: SINGLE (Line Drive, 8RS)
Batting: RHB Augusto Padilla 0-0: Called Strike
0-1: Ball
1-1: Swinging Strike
1-2: Strikes out swinging
Bottom of the 3rd over - 0 runs, 1 hit, 0 errors, 1 left on base; Reading 0 - Buffalo 0
TOP OF THE 4TH
Reading Rainbows batting - Pitching for Buffalo LightSabres : LHP Will Chapman
Batting: LHB Ismael Barajas 0-0: Ball
1-0: Foul Ball, location: 2F
1-1: Ball
2-1: Swinging Strike
2-2: Foul Ball, location: 2F
2-2: Strikes out swinging
Batting: RHB José Moreno 0-0: Foul Ball, location: 2F
0-1: Called Strike
0-2: Ball
1-2: Ground out 1-3 (Groundball, P)
Batting: RHB Ethan Moore 0-0: Called Strike
0-1: Called Strike
0-2: SINGLE (Line Drive, 8LS)
Batting: RHB Richard Case 0-0: Called Strike
0-1: Called Strike
0-2: Ball
1-2: Strikes out looking
Top of the 4th over - 0 runs, 1 hit, 0 errors, 1 left on base; Reading 0 - Buffalo 0
BOTTOM OF THE 4TH
Buffalo LightSabres batting - Pitching for Reading Rainbows : LHP John Oliver
Batting: LHB Garrett King 0-0: Ground out 4-3 (Groundball, 4)
Batting: RHB Pat McDonald 0-0: Ball
1-0: Ball
2-0: TRIPLE (Line Drive, 89XD)
Batting: LHB Tim Griffith 0-0: Ball
1-0: Called Strike
1-1: Ball
2-1: Foul Ball, location: 2F
2-2: Foul Ball, location: 2F
2-2: Ball
3-2: Foul Ball, location: 2F
3-2: Fly out, F8 (Flyball, 78M)
Runner from 3rd tags up, OUT at HOME
Bottom of the 4th over - 0 runs, 1 hit, 0 errors, 0 left on base; Reading 0 - Buffalo 0
TOP OF THE 5TH
Reading Rainbows batting - Pitching for Buffalo LightSabres : LHP Will Chapman
Batting: RHB Edmund Swanson 0-0: Ball
1-0: SINGLE (Groundball, 6MD)
Batting: RHB Carlos Palomón 0-0: Called Strike
0-1: Swinging Strike
0-2: Foul Ball, location: 2F
0-2: Foul Ball, location: 2F
0-2: Ball
1-2: DOUBLE (Line Drive, 7LM)
Edmund Swanson to third
Batting: RHB Hubert Brown 0-0: Ball
Wild Pitch!
Edmund Swanson scores
Carlos Palomón to third
1-0: Ball
2-0: Ball
3-0: Base on Balls
Batting: RHB Spike Kennedy 0-0: Ball
1-0: Fly out, F8 (Flyball, 8RD)
Runner from 3rd tags up, SCORES, no throw
Batting: SHB Johnny Jackson 0-0: Ball
1-0: SINGLE (Flyball, 6MD)
Hubert Brown to second
Batting: LHB Ismael Barajas 0-0: Called Strike
0-1: Ball
1-1: Foul Ball, location: 2F
1-2: Fielders Choice at 2nd, 4-6 (Groundball, 4)
Hubert Brown to third
Batting: RHB José Moreno 0-0: Called Strike
0-1: Ball
1-1: Called Strike
1-2: Ball
Ismael Barajas steals 2nd base
2-2: Ball
3-2: Foul Ball, location: 2F
3-2: Hit by Pitch
Batting: RHB Ethan Moore 0-0: Ball
1-0: Called Strike
1-1: SINGLE (Line Drive, 9LS)
Hubert Brown scores
Ismael Barajas to third
José Moreno to second
Runner from 3rd tries for Home, SAFE, no throw
Batting: RHB Richard Case 0-0: Called Strike
0-1: Foul Ball, location: 2F
0-2: Strikes out swinging
Top of the 5th over - 4 runs, 4 hits, 0 errors, 2 left on base; Reading 4 - Buffalo 0
BOTTOM OF THE 5TH
Buffalo LightSabres batting - Pitching for Reading Rainbows : LHP John Oliver
Batting: RHB Abraham Hardy 0-0: Foul Ball, location: 2F
0-1: Ball
1-1: Ground out 6-3 (Groundball, 6)
Batting: LHB Sergio Luna 0-0: Ball
1-0: Foul Ball, location: 2F
1-1: Fly out, F7 (Flyball, 7LSF)
Batting: LHB Matt Ruskin 0-0: Called Strike
0-1: Swinging Strike
0-2: Strikes out swinging
Bottom of the 5th over - 0 runs, 0 hits, 0 errors, 0 left on base; Reading 4 - Buffalo 0
TOP OF THE 6TH
Reading Rainbows batting - Pitching for Buffalo LightSabres : LHP Will Chapman
Batting: RHB Edmund Swanson 0-0: Foul Ball, location: 2F
0-1: Swinging Strike
0-2: Ball
1-2: Foul Ball, location: 2F
1-2: Ball
2-2: Strikes out swinging
Batting: RHB Carlos Palomón 0-0: Ball
1-0: Ball
2-0: Ball
3-0: Called Strike
3-1: Called Strike
3-2: Foul Ball, location: 2F
3-2: Base on Balls
Batting: RHB Hubert Brown 0-0: Swinging Strike
0-1: Ball
1-1: Fly out, F9 (Flyball, 9D)
Batting: RHB Spike Kennedy 0-0: Ball
1-0: Foul Ball, location: 2F
1-1: Ball
2-1: Called Strike
2-2: Ball
3-2: Strikes out looking
Top of the 6th over - 0 runs, 0 hits, 0 errors, 1 left on base; Reading 4 - Buffalo 0
BOTTOM OF THE 6TH
Buffalo LightSabres batting - Pitching for Reading Rainbows : LHP John Oliver
Batting: RHB Mike Wagner 0-0: Called Strike
0-1: Foul Ball, location: 2F
0-2: Foul Ball, location: 2F
0-2: Foul Ball, location: 2F
0-2: Ball
1-2: Ball
2-2: Foul Ball, location: 2F
2-2: Foul Ball, location: 2F
2-2: Ball
3-2: Strikes out looking
Batting: RHB Raúl Flores 0-0: Ball
1-0: Foul Ball, location: 2F
1-1: Foul Ball, location: 2F
1-2: Ball
2-2: Foul Ball, location: 2F
2-2: Hit by Pitch
Pinch Runner at 1st Emílio Montoya:
Batting: RHB Augusto Padilla 0-0: Foul Ball, location: 2F
0-1: Called Strike
Emílio Montoya steals 2nd base
0-2: Foul Ball, location: 2F
0-2: Foul Ball, location: 2F
0-2: Ball
1-2: Foul Ball, location: 2F
1-2: Ball
2-2: Strikes out looking
Batting: LHB Garrett King 0-0: SINGLE (Flyball, 89M)
Emílio Montoya to third
Runner from 3rd tries for Home, SAFE, throw made home
Batting: RHB Pat McDonald 0-0: Swinging Strike
0-1: Ball
1-1: Foul Ball, location: 2F
1-2: Strikes out looking
Bottom of the 6th over - 1 run, 1 hit, 0 errors, 1 left on base; Reading 4 - Buffalo 1
TOP OF THE 7TH
Reading Rainbows batting - Pitching for Buffalo LightSabres : LHP Will Chapman
Pitching: RHP Rogerio Rosales
Now in LF: Emílio Montoya
Batting: SHB Johnny Jackson 0-0: Ball
1-0: Ground out U3 (Groundball, 34)
Batting: LHB Ismael Barajas 0-0: Ball
1-0: Called Strike
1-1: Ball
2-1: Foul Ball, location: 2F
2-2: Foul Ball, location: 2F
2-2: Foul Ball, location: 2F
2-2: Strikes out looking
Batting: RHB José Moreno 0-0: Called Strike
0-1: Ball
1-1: Foul Ball, location: 2F
1-2: Ground out 1-3 (Groundball, P)
Top of the 7th over - 0 runs, 0 hits, 0 errors, 0 left on base; Reading 4 - Buffalo 1
BOTTOM OF THE 7TH
Buffalo LightSabres batting - Pitching for Reading Rainbows : LHP John Oliver
Batting: LHB Tim Griffith 0-0: Called Strike
0-1: Swinging Strike
0-2: Ball
1-2: Strikes out swinging
Batting: RHB Abraham Hardy 0-0: Called Strike
0-1: Ball
1-1: Ball
2-1: Ground out 4-3 (Groundball, 4M)
Batting: LHB Sergio Luna 0-0: SINGLE (Line Drive, 78S)
Batting: LHB Matt Ruskin 0-0: Called Strike
0-1: Ball
1-1: Ball
2-1: Foul Ball, location: 2F
2-2: Ball
Sergio Luna steals 2nd base
3-2: Base on Balls
Pitching: RHP Jesús Manuel
Batting: RHB Mike Wagner 0-0: Foul Ball, location: 2F
0-1: Foul Ball, location: 2F
0-2: Ball
1-2: Ball
2-2: Foul Ball, location: 2F
2-2: Ball
3-2: Foul Ball, location: 2F
3-2: Base on Balls
Sergio Luna to third
Matt Ruskin to second
Pitching: LHP Bill Parry
Pinch Hitting: RHB Júlio López 0-0: Ball
1-0: Ball
2-0: Swinging Strike
2-1: Ball
3-1: Base on Balls
Sergio Luna scores
Matt Ruskin to third
Mike Wagner to second
Pitching: RHP Gustavo Hernández
Batting: RHB Augusto Padilla 0-0: Called Strike
0-1: Called Strike
0-2: Ball
1-2: Ball
2-2: Ground out 4-3 (Groundball, 4)
Bottom of the 7th over - 1 run, 1 hit, 0 errors, 3 left on base; Reading 4 - Buffalo 2
TOP OF THE 8TH
Reading Rainbows batting - Pitching for Buffalo LightSabres : RHP Rogerio Rosales
Now in LF: Sean King
Batting: RHB Ethan Moore 0-0: Ball
1-0: Foul Ball, location: 2F
1-1: Ball
2-1: Ball
3-1: Foul Ball, location: 2F
3-2: Base on Balls
Batting: RHB Richard Case 0-0: Called Strike
0-1: 2-RUN HOME RUN (Line Drive, 89XD), Distance : 400 ft
Pitching: RHP Jerry Catron
Batting: RHB Edmund Swanson 0-0: SINGLE (Line Drive, 56D)
Batting: RHB Carlos Palomón 0-0: Sac Bunt - play at second, runner OUT! 3-6
Batting: RHB Hubert Brown 0-0: Ball
1-0: Called Strike
Carlos Palomón steals 2nd base
1-1: Ground out 6-3 (Groundball, 6)
Carlos Palomón to third
Batting: RHB Spike Kennedy 0-0: Ground out 5-3 (Groundball, 56S)
Top of the 8th over - 2 runs, 2 hits, 0 errors, 1 left on base; Reading 6 - Buffalo 2
BOTTOM OF THE 8TH
Buffalo LightSabres batting - Pitching for Reading Rainbows : RHP Gustavo Hernández
Batting: LHB Garrett King 0-0: Foul Ball, location: 2F
0-1: Ball
1-1: Called Strike
1-2: Ball
2-2: Foul Ball, location: 2F
2-2: Strikes out swinging
Batting: RHB Pat McDonald 0-0: Ground out 5-3 (Groundball, 56)
Batting: LHB Tim Griffith 0-0: Ball
1-0: Called Strike
1-1: Swinging Strike
1-2: Foul Ball, location: 2F
1-2: Foul Ball, location: 2F
1-2: Ball
2-2: Strikes out swinging
Bottom of the 8th over - 0 runs, 0 hits, 0 errors, 0 left on base; Reading 6 - Buffalo 2
TOP OF THE 9TH
Reading Rainbows batting - Pitching for Buffalo LightSabres : RHP Jerry Catron
Batting: SHB Johnny Jackson 0-0: Ball
1-0: Called Strike
1-1: Ball
2-1: Hit by Pitch
Batting: LHB Ismael Barajas 0-0: Called Strike
0-1: DOUBLE (Flyball, 89XD)
Johnny Jackson to third
Batting: RHB José Moreno 0-0: Foul Ball, location: 2F
0-1: Called Strike
0-2: Strikes out swinging
Batting: RHB Ethan Moore 0-0: Foul Ball, location: 2F
0-1: Ball
1-1: Called Strike
1-2: Foul Ball, location: 2F
1-2: Ball
2-2: Strikes out looking
Batting: RHB Richard Case 0-0: Fly out, F7 (Flyball, 78S)
Top of the 9th over - 0 runs, 1 hit, 0 errors, 2 left on base; Reading 6 - Buffalo 2
BOTTOM OF THE 9TH
Buffalo LightSabres batting - Pitching for Reading Rainbows : RHP Gustavo Hernández
Pitching: RHP Michael Bane
Batting: RHB Abraham Hardy 0-0: Ball
1-0: SINGLE (Line Drive, 89M)
Batting: LHB Sergio Luna 0-0: Ball
1-0: Ball
2-0: Swinging Strike
2-1: Fielders Choice at 2nd, 5-4 (Groundball, 56)
Batting: LHB Matt Ruskin 0-0: Ball
1-0: Ball
2-0: Swinging Strike
2-1: SINGLE (Line Drive, 8LS)
Sergio Luna to second
Batting: RHB Mike Wagner 0-0: Ball
1-0: Ball
2-0: Fielders Choice at 2nd, 3-6 (Groundball, 34)
Sergio Luna to third
Batting: RHB Sean King 0-0: Called Strike
0-1: SINGLE (Line Drive, 8LS)
Sergio Luna scores
Mike Wagner to second
Batting: RHB Augusto Padilla 0-0: Called Strike
0-1: Ball
1-1: Called Strike
1-2: Ball
2-2: SINGLE (Line Drive, 8LS)
Mike Wagner to third
Sean King to second
Batting: LHB Garrett King 0-0: Ball
1-0: Swinging Strike
1-1: Ball
2-1: Foul Ball, location: 2F
2-2: Strikes out looking
Bottom of the 9th over - 1 run, 4 hits, 0 errors, 3 left on base; Reading 6 - Buffalo 3
Saturday, April 7th, 2018 - OOTP Baseball 18.8 Build 76